 Dungeon Crawl Stone Soup version 0.29.1-2-gbd0b4ee654 (webtiles) character file.

Game seed: 15806201186313314564

134 Descartes the Charlatan (level 4, -2/21 HPs)
             Began as a Spriggan Wanderer on Nov 3, 2022.
             Killed from afar by Ijyb (23 damage)
             ... with an iceblast
             ... on level 3 of the Dungeon.
             The game lasted 00:08:11 (3079 turns).

Descartes the Charlatan (Spriggan Wanderer)         Turns: 3079, Time: 00:08:11

Health: -2/21      AC:  2    Str:  5    XL:     4   Next: 95%
Magic:  9/9        EV: 17    Int: 15    God:
Gold:   209        SH:  0    Dex: 17    Spells: 6/8 levels left

rFire   . . .      SeeInvis +   a - +0 sling
rCold   . . .      Faith    .   (no shield)
rNeg    . . .      Spirit   .   c - +0 robe
rPois   .          Reflect  .   (helmet restricted)
rElec   .          Harm     .   (no cloak)
rCorr   .          Rampage  .   (gloves unavailable)
Will    .....                   (boots unavailable)
Stlth   ++........              (no amulet)
HPRegen 0.07/turn               (no ring)
MPRegen 0.11/turn               (no ring)

@: very quick
A: very small, no large weapons, unfitting armour, see invisible, speed 3
a: no special abilities


You were on level 3 of the Dungeon.
You visited 1 branch of the dungeon, and saw 3 of its levels.

You collected 209 gold pieces.

Inventory:

Hand Weapons
 a - a +0 sling (weapon)
 b - a +1 short sword of protection
 g - a +0 dagger of electrocution
Missiles
 s - 2 poisoned darts
Armour
 c - a +0 robe (worn)
Wands
 d - a wand of polymorph (15)
Scrolls
 e - 2 scrolls of poison {unknown}
 f - 3 scrolls of blinking {unknown}
 j - 3 scrolls of butterflies
 m - 2 scrolls of teleportation {unknown}
 o - a scroll of noise {unknown}
 p - a scroll of immolation {unknown}
 q - a scroll of identify {unknown}
Potions
 h - 2 potions of invisibility {unknown}
 i - a potion of heal wounds {unknown}
 k - 2 potions of lignification {unknown}
 l - a potion of attraction {unknown}
 n - 2 potions of brilliance {unknown}
 r - a potion of degeneration {unknown}


   Skills:
 + Level 2.2 Dodging
 + Level 2.2 Stealth
 + Level 2.8 Spellcasting
 - Level 4.0 Transmutations
 + Level 1.3 Fire Magic
 * Level 2.4 Poison Magic
 - Level 1.0 Invocations
 - Level 6.6 Evocations


You had 6 spell levels left.
You knew the following spells:

 Your Spells              Type           Power      Damage    Failure   Level
a - Sting                 Tmut/Pois      44%        1d5       5%          1
b - Foxfire               Conj/Fire      16%        2x1d4     16%         1

Your spell library contained the following spells:

 Spells                   Type           Power      Damage    Failure   Level
 Magic Dart               Conj           8%         1d3       21%         1
 Ignite Poison            Fire/Tmut/Pois 9%         N/A       22%         3
 Call Imp                 Summ           2%         N/A       30%         2
 Mephitic Cloud           Conj/Pois/Air  4%         N/A       41%         3
 Conjure Flame            Conj/Fire      4%         6-21      43%         3
 Inner Flame              Hex/Fire       4%         N/A       43%         3
 Summon Guardian Golem    Hex/Summ       2%         N/A       52%         3
 Flame Wave               Conj/Fire      4%         2d5       83%         4
 Orb of Destruction       Conj           1%         9d5       100%        7
 Spellforged Servitor     Conj/Summ      1%         N/A       100%        7


Dungeon Overview and Level Annotations

Branches:
Dungeon (3/15)

Altars:

Annotations:
D:3 Ijyb


Innate Abilities, Weirdness & Mutations

You are very small and have problems with some larger weapons.
You are too small for most types of armour.
You have supernaturally acute eyesight. (SInv)
You cover ground extremely quickly. (Speed+++)


Message History

Aim: an endoplasm (lightly wounded, 98% to hit)
The sting hits the endoplasm.
The endoplasm partially resists.
The endoplasm is poisoned.
The endoplasm is moderately wounded.
Casting: Sting (safe; 5% risk of failure)
Confirm with . or Enter, or press ? or * to list all spells.
Aiming: Sting (safe; 5% risk of failure)
Press: ? - help, Shift-Dir - straight line, f/p - endoplasm
Aim: an endoplasm (moderately wounded, poisoned, 98% to hit)
The sting hits the endoplasm.
The endoplasm partially resists.
The endoplasm looks even sicker.
The endoplasm is severely wounded.
You kill the endoplasm!
You now have 192 gold pieces (gained 8).
s - 2 poisoned darts
n - 2 glowing ruby potions (gained 1)
Found a stone staircase leading up.
You now have 202 gold pieces (gained 10).
e - 2 scrolls labelled JEMPUF XAXKIRCH (gained 1)
You now have 209 gold pieces (gained 7).
A kobold comes into view. It is wielding a +0 short sword.
You shoot a sling bullet. The sling bullet hits the kobold.
You kill the kobold!
Found a leather armour.
Things that are here:
a +0 short sword; a kobold corpse Ijyb the Twisted Goblin comes into view.
She is wielding a +0 dagger and carrying a wand of iceblast (6).
You shoot a sling bullet.
The sling bullet hits Ijyb but does no damage.
Ijyb shouts!
You shoot a sling bullet.
The sling bullet hits Ijyb but does no damage.
Casting: Sting (safe; 5% risk of failure)
Confirm with . or Enter, or press ? or * to list all spells.
You can't see any susceptible monsters within range! (Use Z to cast anyway.)
You shoot a sling bullet. The sling bullet hits Ijyb.
Ijyb is lightly wounded.
Ijyb zaps a wand.
The mass of ice explodes!
The iceblast engulfs you!!
Ouch! That really hurt!
You die...

#.# #.....#.# #.#
#..##.#.# .>#
#..#<.#.#
#######..#..#.#
#........#..#.#
#.######.#..#.#
#........#..#.#
###############.#
..!g..[@.)......#
#################


You could see Ijyb.

Vanquished Creatures
  A gnoll (D:1)
  5 adders
  2 worms
  4 ball pythons
  4 bats
  6 endoplasms
  A giant cockroach (D:2)
  9 goblins
  6 hobgoblins
  7 jackals
  A quokka (D:3)
  9 frilled lizards
  6 kobolds
  5 rats
  A spectral goblin (D:1)
67 creatures vanquished.

Notes
Turn   | Place    | Note
-------+----------+-------------------------------------------
     0 | D:1      | Descartes the Spriggan Wanderer began the quest for the
                  | Orb.
     0 | D:1      | Descartes set off with the following items: a +0 dagger, 2
                  | scrolls of butterflies, a +0 robe, a wand of polymorph
                  | (15); and the following spell memorised: Sting; and the
                  | following spells available to memorise: Ignite Poison.
     0 | D:1      | Reached XP level 1. HP: 9/9 MP: 3/3
   319 | D:1      | Reached XP level 2. HP: 13/13 MP: 2/5
   492 | D:1      | Reached skill level 1 in Poison Magic
   940 | D:1      | Found a faded altar of an unknown god.
  1058 | D:1      | Reached skill level 1 in Fire Magic
  1058 | D:1      | Reached XP level 3. HP: 16/16 MP: 1/7
  1154 | D:1      | Learned a level 1 spell: Foxfire
  1341 | D:1      | Reached skill level 1 in Dodging
  1453 | D:2      | Reached skill level 1 in Stealth
  1893 | D:2      | Reached XP level 4. HP: 21/21 MP: 6/8
  3076 | D:3      | Noticed Ijyb
  3079 | D:3      | Killed from afar by Ijyb

Illustrated notes

Levels and vault maps discovered:
D:1:      lightli_arrival_isolated_outpost, layout_loops_ring,
          dreamdust_ecumenical_altar_drowned_temple, serial_glass,
          glass_columns_a, glass_columns_b, due_unseen_surprise
D:2:      layout_basic, kennysheep_minor_cross, amcnicky_mini_corridor_feature,
          serial_bayou_lake_a
D:3:      layout_basic, ashenzari_conservatory_becter, uniq_ijyb

Skill      XL: |  1  2  3  4 |
---------------+-------------+-----
Spellcasting   | 2 |  2.8
Poison Magic   | 1 2 |  2.4
Fire Magic     | 1 |  1.3
Dodging        | 1 2 |  2.2
Stealth        | 1 2 |  2.2
Transmutations | |  4.0
Invocations    | |  1.0
Evocations     | |  6.6

Action                   |  1- 3 |  4- 6 || total
-------------------------+-------+-------++-------
Melee: Dagger            |     5 |       ||     5
 Fire: Sling             |    31 |    40 ||    71
 Cast: Sting             |    68 |    30 ||    98
Armor: Robe              |     5 |     1 ||     6
Dodge: Dodged            |    19 |     7 ||    26
